 Dungeon Crawl Stone Soup version 0.29.1-1-gd02db6906a (webtiles) character file.

Game seed: 5008551763706203112

113 Icepheonix32 the Caller (level 4, -1/30 HPs)
             Began as a Merfolk Summoner on Oct 10, 2022.
             Killed by nerve-wracking pain
             ... invoked by an orc priest
              (9 damage)
             ... on level 4 of the Dungeon.
             The game lasted 00:07:36 (3363 turns).

Icepheonix32 the Caller (Merfolk Summoner)          Turns: 3363, Time: 00:07:36

Health: -1/30      AC:  4    Str:  8    XL:     4   Next: 96%
Magic:  5/7        EV: 12    Int: 16    God:
Gold:   181        SH:  0    Dex: 14    Spells: 1/7 levels left

rFire   . . .      SeeInvis +   n - +1 dagger (venom)
rCold   . . .      Faith    .   (no shield)
rNeg    . . .      Spirit   .   a - +0 robe
rPois   .          Reflect  .   (no helmet)
rElec   .          Harm     .   k - +0 cloak
rCorr   .          Rampage  .   (no gloves)
Will    .....                   (no boots)
Stlth   ++........              (no amulet)
HPRegen 0.10/turn               e - ring of wizardry
MPRegen 0.10/turn               q - ring of see invisible

@: attractive
A: (nimble swimmer 2), mertail, shaggy fur 1
a: no special abilities


You were on level 4 of the Dungeon.
You visited 1 branch of the dungeon, and saw 4 of its levels.

You collected 181 gold pieces.

Inventory:

Hand Weapons
 f - a +0 antimagic dagger
 j - a +0 short sword
 n - a +1 dagger of venom (weapon)
Missiles
 r - 4 poisoned darts
Armour
 a - a +0 robe (worn)
 k - a +0 cloak (worn)
Jewellery
 e - a ring of wizardry (left hand)
 q - a ring of see invisible (right hand)
Scrolls
 d - a scroll of teleportation
Potions
 b - a potion of magic
 g - a potion of flight
 h - a potion of brilliance


   Skills:
 + Level 0.5 Short Blades
 - Level 2.6 Dodging
 - Level 2.1 Stealth
 - Level 2.0 Spellcasting
 + Level 6.0 Summonings


You had one spell level left.
You knew the following spells:

 Your Spells              Type           Power      Damage    Failure   Level
a - Summon Small Mammal   Summ           84%        N/A       1%          1
b - Call Imp              Summ           21%        N/A       1%          2
c - Call Canine Familiar  Summ           21%        N/A       1%          3

Your spell library contained the following spells:

 Spells                   Type           Power      Damage    Failure   Level
 Summon Guardian Golem    Hex/Summ       11%        N/A       8%          3
 Summon Lightning Spire   Summ/Air       11%        N/A       24%         4


Dungeon Overview and Level Annotations

Branches:
Dungeon (4/15)
 Temple: D:4-7

Altars:


Innate Abilities, Weirdness & Mutations

((You are very nimble when in or above water. (Stealth+, EV+, Speed+++)))
Your lower body shifts to a powerful aquatic tail in water.
You are covered in fur. (AC +1)


Message History

Your crimson imp blinks!
The orc hits your hound with a +0 dagger.
The orc priest barely misses you. The hobgoblin hits you.
The orc hits you with a +0 hand axe.
Your hound misses the orc. The orc is attracted toward you.
You closely miss the orc priest.
Your crimson imp blinks!
Your hound barely misses the hobgoblin.
The orc priest closely misses you.
The hobgoblin hits you but does no damage.
The orc barely misses you. The orc is attracted toward you.
Unknown command.
You hit the orc priest but do no damage.
The orc priest is poisoned.
Your hound barely misses the hobgoblin.
The orc priest hits you with a +0 short sword.
The hobgoblin completely misses you. The orc misses you.
The orc is attracted toward you.
Unknown command.
You hit the orc priest.
The orc priest looks as sick as possible!
The orc priest is moderately wounded.
Your hound bites the hobgoblin.
The orc hits you with a +0 hand axe.
The orc priest calls upon Beogh to heal the orc.
The orc is healed somewhat.
The hobgoblin hits you.
Your hound closely misses the orc.
The orc is attracted toward you.
You closely miss the orc priest.
The orc priest is moderately wounded.
Your hound bites the hobgoblin.
The orc barely misses you. The orc misses you.
The orc closely misses your crimson imp.
The orc priest hits you with a +0 short sword.
* * * LOW HITPOINT WARNING * * *
The hobgoblin closely misses you.
Okay, then.
You hit the orc priest but do no damage.
The orc priest is heavily wounded.
Your hound bites the hobgoblin.
The hobgoblin dies!
Your crimson imp hits the orc.
The orc hits you but does no damage.
The orc priest calls down the wrath of Beogh upon you.
Pain shoots through your body!
You die...

##......... ##).†.......
##...........
##.....##..##. ###
######.......## # # ...
#.............####.# ...
#...........#....... ...
###......#......##..
...####...##.#..@o5.....
#....##........ooh......
#..<.....####....§......
##.....†..##............
........................
##..............$.......
#.......................
...##...........#....##.
##. ##.......... .....


You could see an orc priest (extremely poisoned), 2 orcs, a friendly hound
(summoned) and a friendly crimson imp (summoned).

Vanquished Creatures
  3 adders
  An orc (D:4)
  3 ball pythons
  3 endoplasms
  A giant cockroach (D:2)
  A goblin (D:3)
  3 hobgoblins
  6 jackals
  4 kobolds
  2 quokkas
  4 bats
  2 rats
33 creatures vanquished.

Vanquished Creatures (collateral kills)
  2 adders (D:2)
  3 orcs (D:3)
  A bat (D:2)
  2 endoplasms
  A giant cockroach (D:1)
  2 goblins
  4 hobgoblins
  2 jackals (D:2)
  2 ball pythons
  A frilled lizard (D:2)
  6 kobolds
  A rat (D:1)
27 creatures vanquished.

Vanquished Creatures (others)
  18 plants (D:1)
18 creatures vanquished.

Grand Total: 78 creatures vanquished

Notes
Turn   | Place    | Note
-------+----------+-------------------------------------------
     0 | D:1      | Icepheonix32 the Merfolk Summoner began the quest for the
                  | Orb.
     0 | D:1      | Reached XP level 1. HP: 13/13 MP: 3/3
   264 | D:1      | Found a faded altar of an unknown god.
   653 | D:1      | Reached XP level 2. HP: 14/19 MP: 3/5
  1296 | D:1      | Reached XP level 3. HP: 19/24 MP: 4/6
  1495 | D:1      | Learned a level 2 spell: Call Imp
  1499 | D:1      | Learned a level 3 spell: Call Canine Familiar
  1600 | D:2      | Reached skill level 5 in Summonings
  2005 | D:2      | Reached XP level 4. HP: 29/30 MP: 1/7
  3340 | D:4      | Reached skill level 6 in Summonings
  3354 | D:4      | Gained mutation: You are covered in fur. (AC +1) [potion of
                  | mutation]
  3363 | D:4      | Killed from afar by an orc priest

Illustrated notes

Levels and vault maps discovered:
D:1:      lemuel_arrival_muddy, layout_basic, serial_bayou,
          serial_bayou_shore_a, serial_bayou_pond_e, serial_bayou_shore_b,
          serial_bayou_lagoon_a, serial_bayou_lake_a,
          nicolae_ecumenical_lake_church, minmay_strange_pillars
D:2:      layout_rooms, chequers_jeans
D:3:      layout_loops_ring
D:4:      layout_cave_pools, vehumet_altar_wand_db, gammafunk_ghost_necromancy,
          serial_shops, nicolae_stop_n_shop_2, kennysheep_big_empty_room,
          uniq_crazy_yiuf_cottage

Skill      XL: |  1  2  3  4 |
---------------+-------------+-----
Summonings     | 5 6 |  6.0
Short Blades   | |  0.5
Dodging        | |  2.6
Stealth        | |  2.1
Spellcasting   | |  2.0

Action                   |  1- 3 |  4- 6 || total
-------------------------+-------+-------++-------
Melee: Unarmed           |    53 |       ||    53
       Tailslap          |     2 |       ||     2
       Dagger            |     9 |    31 ||    40
       Whip              |     4 |       ||     4
       Short sword       |    39 |     9 ||    48
       Punch             |     1 |     1 ||     2
 Cast: Summon Small Mamm |    19 |     2 ||    21
       Call Imp          |     5 |     3 ||     8
       Call Canine Famil |     2 |    10 ||    12
  Use: Potion            |     2 |     3 ||     5
       Scroll            |     4 |     6 ||    10
 Stab: Distracted        |     2 |       ||     2
       Sleeping          |     1 |     1 ||     2
Armor: Robe              |    34 |    11 ||    45
Dodge: Dodged            |    97 |    31 ||   128
